 Dungeon Crawl Stone Soup version 0.26-a0-597-gb535b0901c (webtiles) character file.

Game seed: 12820981802144528696

256404 EriolAelfwine the Severer (level 19, -4/183 HPs)
             Began as a Deep Dwarf Fighter on Aug 28, 2020.
             Was the Champion of Makhleb.
             Splashed by a deep elf sorcerer's acid (15 damage)
             ... on level 3 of the Elven Halls.
             The game lasted 01:46:40 (28866 turns).

EriolAelfwine the Severer (Deep Dwarf Fighter)     Turns: 28866, Time: 01:46:42

Health: -4/183     AC: 29    Str: 26    XL:     19   Next: 45%
Magic:  20/20      EV:  0    Int: 11    God:    Makhleb [******]
Gold:   1685       SH: 13    Dex: 12    Spells: 18/18 levels left

rFire    + . .     SeeInvis +   H - +0 broad axe (freeze)
rCold    x . .     Faith    .   c - +0 kite shield
rNeg     + . .     Spirit   .   u - +1 crystal plate armour
rPois    +         Reflect  +   I - +1 hat {MR+}
rElec    +         Harm     .   t - +2 cloak {rPois}
rCorr    .                      U - +2 pair of gloves {archery}
MR       +++++                  T - +2 pair of boots
Stlth    ..........             M - amulet of reflection
HPRegen  0.00/turn              A - ring of Buruf {rF+ rC- MR+ AC+4}
MPRegen  0.17/turn              C - ring of Vihoirobb {+Inv rElec MR+ Slay+2 SInv}

@: non-regenerating, studying Dodging, extremely drained
A: damage resistance, heal wounds, negative energy resistance 1, sense
surroundings 3, electricity resistance, no regeneration
}: 1/15 runes: decaying
a: Heal Wounds, Minor Destruction, Lesser Servant of Makhleb, Major Destruction,
Greater Servant of Makhleb, Renounce Religion, Evoke Invisibility


You were on level 3 of the Elven Halls.
You worshipped Makhleb.
Makhleb was exalted by your worship.
You visited 6 branches of the dungeon, and saw 31 of its levels.
You also visited: Sewer, Bailey and Wizlab.

You collected 4221 gold pieces.
You spent 2536 gold pieces at shops.

Inventory:

Hand Weapons
 H - a +0 broad axe of freezing (weapon)
 L - a +0 eveningstar
Missiles
 n - 130 poisoned darts (quivered)
Armour
 c - a +0 kite shield (worn)
 t - a +2 cloak of poison resistance (worn)
 u - a +1 crystal plate armour (worn)
 I - a +1 hat of magic resistance (worn)
 T - a +2 pair of boots (worn)
 U - a +2 pair of gloves of archery (worn)
Jewellery
 i - an uncursed ring of resist corrosion
 m - the ring of Xom's Flight of Fancy {rC+ Str+5 Int+2}
   (You bought it in a shop on level 2 of the Orcish Mines)

   [ring of protection from cold]

   It affects your strength (+5).
   It affects your intelligence (+2).
   It protects you from cold.
 A - the ring of Buruf (left hand) {rF+ rC- MR+ AC+4}
   (You found it in a bailey)

   [ring of protection]

   It affects your AC (+4).
   It protects you from fire.
   It makes you vulnerable to cold.
   It affects your resistance to hostile enchantments.
 C - the ring of Vihoirobb (right hand) {+Inv rElec MR+ Slay+2 SInv}
   (You acquired it on level 11 of the Dungeon)

   [ring of see invisible]

   It affects your accuracy and damage with ranged weapons and melee attacks
   (+2).
   It insulates you from electricity.
   It affects your resistance to hostile enchantments.
   It lets you see invisible.
   It lets you turn invisible.
 K - an uncursed ring of poison resistance
 M - an amulet of reflection (around neck)
Wands
 o - a wand of flame (53)
 r - a wand of polymorph (7)
 y - a wand of digging (3)
 z - a wand of paralysis (21)
 B - a wand of iceblast (10)
 N - a wand of enslavement (7)
 X - a wand of acid (7)
Scrolls
 f - 10 scrolls of amnesia
 k - 11 scrolls of remove curse
 l - 5 scrolls of fear
 q - 2 scrolls of fog
 x - 8 scrolls of teleportation
 D - 4 scrolls of enchant armour
 E - 8 scrolls of immolation
 G - 2 scrolls of enchant weapon
 O - a scroll of torment
 P - 2 scrolls of silence
 R - 9 scrolls of identify
 S - a scroll of magic mapping
 Y - 2 scrolls of summoning
 Z - a scroll of blinking
Potions
 a - 7 potions of magic
 b - 7 potions of flight
 d - 7 potions of might
 e - 15 potions of curing
 g - 10 potions of heal wounds
 h - 4 potions of ambrosia
 p - 3 potions of invisibility
 s - 6 potions of brilliance
 v - 5 potions of lignification
 w - 4 potions of mutation
 F - 2 potions of haste
 J - 4 potions of cancellation
 Q - 3 potions of berserk rage
Books
 V - a manual of Dodging


   Skills:
 + Level 14.4(0.0) Fighting
 - Level 18.0(0.0) Axes
 + Level 16.7(0.0) Armour
 + Level 9.3(0.0) Dodging
 - Level 15.0(0.0) Shields
 - Level 15.0(0.0) Invocations
 - Level 10.0(0.0) Evocations


You had 18 spell levels left.
You didn't know any spells.
Your spell library contained the following spells:

 Spells                   Type           Power        Failure   Level
 Corona                   Hex            #......      100%        1
 Foxfire                  Conj/Fire      #...         100%        1
 Freeze                   Ice            #...         100%        1
 Magic Dart               Conj           #...         100%        1
 Summon Small Mammal      Summ           #...         100%        1
 Blink                    Tloc           N/A          100%        2
 Call Imp                 Summ           #.......     100%        2
 Corpse Rot               Necr/Air       N/A          100%        2
 Ensorcelled Hibernation  Hex/Ice        #.....       100%        2
 Poisonous Vapours        Pois/Air       #.....       100%        2
 Slow                     Hex            #.......     100%        2
 Sublimation of Blood     Necr           #.........   100%        2
 Call Canine Familiar     Summ           #.......     100%        3
 Confusing Touch          Hex            #.......     100%        3
 Conjure Flame            Conj/Fire      #.......     100%        3
 Dazzling Flash           Conj/Hex       #.....       100%        3
 Frozen Ramparts          Ice            #.....       100%        3
 Mephitic Cloud           Conj/Pois/Air  #.......     100%        3
 Ozocubu's Armour         Ice            #.......     100%        3
 Stone Arrow              Conj/Erth      #.....       100%        3
 Summon Guardian Golem    Hex/Summ       #.......     100%        3
 Tukima's Dance           Hex            #.......     100%        3
 Cause Fear               Hex            #.........   100%        4
 Dispel Undead            Necr           #.......     100%        4
 Hailstorm                Conj/Ice       #.......     100%        4
 Leda's Liquefaction      Hex/Erth       #.........   100%        4
 Summon Ice Beast         Ice/Summ       #.......     100%        4
 Summon Lightning Spire   Summ/Air       #.......     100%        4
 Agony                    Necr           #.......     100%        5
 Bolt of Magma            Conj/Fire/Erth #.........   100%        5
 Excruciating Wounds      Necr           #.........   100%        5
 Lightning Bolt           Conj/Air       #.........   100%        5
 Silence                  Hex/Air        #.........   100%        5
 Summon Forest            Summ/Tloc      #.........   100%        5
 Yara's Violent Unravell  Hex/Tmut       #.........   100%        5
 Conjure Ball Lightning   Conj/Air       #.........   100%        6
 Eringya's Noxious Bog    Tmut/Pois      #.........   100%        6
 Freezing Cloud           Conj/Ice/Air   #.........   100%        6
 Hydra Form               Tmut           #.........   100%        6
 Iron Shot                Conj/Erth      #.........   100%        6
 Statue Form              Tmut/Erth      #........    100%        6
 Summon Hydra             Summ           #.........   100%        7
 Discord                  Hex            #.........   100%        8
 Shatter                  Erth           #.........   100%        9


Dungeon Overview and Level Annotations

Branches:
Dungeon (15/15)            Temple (1/1) D:7            Lair (6/6) D:8
  Swamp (4/4) Lair:2        Snake (0/4) Lair:3        Slime (0/5) Lair:6
    Orc (2/2) D:12            Elf (3/3) Orc:2        Vaults (0/5) D:14
 Depths (0/5) D:15          Sewer (visited)          Bailey (visited)
 WizLab (visited)

Altars:
Ashenzari
Cheibriados
Dithmenos
Elyvilon
Fedhas
Gozag
Hepliaklqana
Kikubaaqudgha
Makhleb
Nemelex Xobeh
Okawaru
Qazlal
Ru
Sif Muna
Trog
Uskayaw
Vehumet
Wu Jian
Xom
Yredelemnul
Zin
The Shining One
Jiyva

Shops:
D:13 *   D:15 =   Orc:2 =([*   Elf:2 !   Elf:3 }*}?=

Annotations:
D:9 2 transporters, Boelaall's ghost, novice DEWz
D:12 Nergalle
D:14 3 runed translucent doors, SatoMori's ghost, journeyman HaHu


Innate Abilities, Weirdness & Mutations

You are resistant to damage.
You can heal yourself by infusing magical energy.
You resist negative energy. (rN+)
You passively map a large area around you.
You do not regenerate.
You are resistant to electric shocks. (rElec)


Message History

You barely miss the deep elf sorcerer.
The deep elf sorcerer is lightly wounded.
The deep elf sorcerer hits you but does no damage.
You partially resist.
You feel drained.
You block the deep elf sorcerer's attack.
The deep elf sorcerer hits you with a +2 dagger of draining.
* * * LOW HITPOINT WARNING * * *
You partially resist.
You feel drained.
You barely miss the deep elf sorcerer.
The deep elf sorcerer is lightly wounded.
The deep elf sorcerer hits you but does no damage.
You partially resist.
You feel drained.
You block the deep elf sorcerer's attack.
You slash the deep elf sorcerer! You freeze the deep elf sorcerer.
The deep elf sorcerer is moderately wounded.
The deep elf sorcerer points at you and mumbles some strange words.
The bolt of acid hits you!!!
* * * LOW HITPOINT WARNING * * *
You are splashed with acid!
You die...

...##............'††##.....∩.....
....#............##[#....#...#...
.................##†#............
.................##.....∩..#..∩..
.....#...........####............
.....####'######## #....#...#...
.....+....# ###.....∩.....
..<..####.##########.##.........#
#'#######.......@e....##.......##
#.........########.######.....##'
#.#######.# #.# ###.##### #.# #.#
#.# #..* # #.# #.# *#e#** ##.* #
#.# #.# *#....#* #.* ..# #.#
*#......#* #.*
..#######.#####........#####.#*
..............'.........+.....###


You could see a deep elf sorcerer (fast).

Vanquished Creatures
  Mara (Swamp:3)
  A bone dragon (D:15)
  A deep elf master archer (Elf:3)
  A deep elf blademaster (Elf:3)
  A sphinx (Elf:3)
  Gastronok (D:8)
  3 thorn hunters
  4 deep elf sorcerers
  2 orc warlords (Orc:2)
  3 deep elf elementalists (Elf:3)
  2 entropy weavers (Lair:5)
  4 deep elf demonologists
  5 deep elf annihilators
  Azrael (D:12)
  An orange crystal statue (WizLab)
  A deep elf death mage (Elf:3)
  6 fire dragons
  Josephine (Orc:1)
  A deep elf high priest (Elf:3)
  A yaktaur captain (D:15)
  A hell beast (Elf:3)
  25 hydras
  3 shambling mangroves (Swamp:4)
  2 ghost crabs
  Harold (Lair:2)
  3 centaur warriors
  15 alligators
  3 two-headed ogres
  27 dancing weapons
  4 orc high priests (Orc:2)
  An ogre mage (D:15)
  A queen ant (Lair:5)
  3 death yaks
  A spriggan berserker (Swamp:4)
  Urug (D:14)
  19 deep elf knights
  A death drake (Swamp:2)
  10 swamp dragons
  4 spectral hydras (Swamp:2)
  4 unseen horrors
  48 deep elf magi
  6 deep elf archers
  A phantasmal warrior (Swamp:2)
  A harpy (Elf:3)
  An orb spider (shapeshifter) (D:15)
  4 orc knights (Orc:2)
  A necromancer (Swamp:2)
  3 wolf spider zombies
  4 orc sorcerers
  10 manticores
  7 cyclopes
  Psyche (D:9)
  3 ugly things (D:11)
  11 centaur zombies
  5 black mambas
  13 cane toads
  Joseph (Lair:1)
  A torpor snail (Lair:6)
  2 gargoyles
  3 rime drakes
  A freezing wraith (Swamp:2)
  3 swamp worm zombies (Swamp:2)
  3 redback zombies (D:15)
  A tengu conjurer (D:14)
  6 komodo dragons
  8 trolls
  2 polar bears (Lair:6)
  13 bog bodies
  9 blink frogs
  16 hornets
  5 dream sheep (Lair:6)
  Grinder (D:3)
  11 tyrant leeches
  2 spectral swamp dragons (Swamp:2)
  7 hippogriffs
  2 meliai zombies (D:15)
  4 alligator zombies (Swamp:2)
  13 slime creatures
  An air elemental (Elf:1)
  2 vampires
  16 spriggans
  2 water elementals
  7 wraiths
  3 wyverns
  3 shadows
  Eustachio (D:4)
  2 basilisks
  6 fire elementals
  A golden eye (shapeshifter) (D:15)
  16 humans (D:14)
  31 yaks
  A tyrant leech zombie (Swamp:2)
  3 steam dragons
  6 vampire mosquitoes
  A harpy simulacrum (D:14)
  26 soldier ants (Lair:5)
  7 wargs
  A naga (Lair:3)
  17 swamp worms
  12 insubstantial wisps
  A warg (shapeshifter) (Elf:3)
  An acid dragon (D:14)
  7 hell hounds
  7 water moccasins
  6 cane toad zombies (Swamp:2)
  A phantom (D:10)
  11 porcupines
  4 black bears (Lair:6)
  32 orc warriors
  11 swamp drakes
  A hornet zombie (D:12)
  4 ice beasts
  A black bear (shapeshifter) (D:14)
  3 necrophages
  3 sky beasts
  An eye of draining (D:15)
  15 ogres
  27 wolves
  4 boggarts
  16 centaurs
  6 crocodiles
  5 big kobolds
  13 bullfrogs
  3 earth elementals
  A wyvern skeleton (D:12)
  4 scorpions
  4 troll zombies (Swamp:2)
  2 spriggan zombies (Swamp:2)
  28 killer bees
  2 electric eels (D:10)
  13 wights
  2 howler monkeys
  12 orc priests
  Crazy Yiuf (D:3)
  2 quasits
  A bullfrog skeleton (D:5)
  10 hounds
  5 jellies
  11 centaur skeletons
  10 iguanas
  18 orc wizards
  27 worker ants
  2 hound zombies (D:11)
  A worker ant zombie (D:6)
  2 gnolls (Bailey)
  9 adders
  4 white imps
  An ufetubus (D:7)
  3 oozes
  An adder skeleton (D:10)
  2 adder zombies (D:7)
  4 worms
  6 leopard geckos
  80 orcs
  5 ball pythons
  5 bats
  3 giant cockroaches
  16 goblins
  12 hobgoblins
  17 jackals
  29 kobolds
  4 quokkas
  5 frilled lizards
  A quokka zombie (D:6)
  12 rats
  A briar patch (Swamp:4)
  2 bushes (D:15)
  6 crawling corpses (Elf:3)
1137 creatures vanquished.

Vanquished Creatures (others)
  A hydra (Swamp:2)
  A dancing weapon (Elf:2)
  A spriggan berserker (Swamp:4)
  A deep elf knight (Elf:2)
  6 deep elf magi
  A bog body (Swamp:4)
  A swamp drake (Swamp:4)
  A hell hound (D:12)
  2 briar patches (Swamp:4)
  24 fungi
  27 plants
  2 withered plants (Swamp:2)
68 creatures vanquished.

Grand Total: 1205 creatures vanquished

Notes
Turn   | Place    | Note
-------+----------+-------------------------------------------
     0 | D:1      | EriolAelfwine the Deep Dwarf Fighter began the quest for
                  | the Orb.
     0 | D:1      | Reached XP level 1. HP: 20/20 MP: 1/1
    72 | D:1      | Reached XP level 2. HP: 27/27 MP: 2/2
   211 | D:1      | Reached XP level 3. HP: 32/34 MP: 3/3
   694 | D:2      | Reached skill level 3 in Axes
   780 | D:2      | Reached XP level 4. HP: 31/42 MP: 4/4
  1609 | D:3      | Noticed Grinder
  1627 | D:3      | Paralysed by Grinder for 3 turns
  1646 | D:3      | Paralysed by Grinder for 2 turns
  1650 | D:3      | Killed Grinder
  1650 | D:3      | Reached skill level 4 in Axes
  1650 | D:3      | Reached XP level 5. HP: 14/50 MP: 5/5
  1650 | D:3      | Reached XP level 6. HP: 16/57 MP: 6/6
  1674 | D:3      | Found a bloodstained altar of Trog.
  1883 | D:3      | Found a runed translucent door.
  1884 | D:3      | Noticed Crazy Yiuf
  2080 | D:3      | Paralysed by Crazy Yiuf for 7 turns
  2087 | D:3      | Killed Crazy Yiuf
  2284 | D:4      | Reached skill level 5 in Axes
  2338 | D:4      | Reached skill level 5 in Armour
  2367 | D:4      | Reached skill level 5 in Shields
  2367 | D:4      | Reached XP level 7. HP: 49/64 MP: 6/6
  2399 | D:4      | Found a glowing drain.
  2408 | Sewer    | Entered a sewer
  2519 | Sewer    | Found a white marble altar of Elyvilon.
  2793 | D:4      | Noticed Eustachio
  2826 | D:4      | Killed Eustachio
  2826 | D:4      | Reached skill level 6 in Axes
  2927 | D:4      | Found a white marble altar of Elyvilon.
  3221 | D:5      | Entered Level 5 of the Dungeon
  3250 | D:5      | Reached XP level 8. HP: 72/73 MP: 7/7
  3417 | D:5      | Reached skill level 7 in Axes
  3421 | D:5      | Reached skill level 5 in Fighting
  4714 | D:6      | Reached skill level 8 in Axes
  4937 | D:7      | Gained mutation: You passively map the area around you.
                  | [Deep Dwarf growth]
  4937 | D:7      | Reached XP level 9. HP: 81/81 MP: 8/8
  5276 | D:7      | Found a staircase to the Ecumenical Temple.
  5336 | Temple   | Entered the Ecumenical Temple
  5600 | Temple   | Became a worshipper of Makhleb the Destroyer
  5616 | D:7      | You fall into a shaft and drop 2 floors!
  5725 | D:8      | Noticed Gastronok
  6004 | D:7      | Reached skill level 9 in Axes
  6004 | D:7      | Reached skill level 1 in Invocations
  6214 | D:8      | Reached * piety under Makhleb
  6245 | D:8      | Noticed a death yak
  6245 | D:8      | Noticed a death yak
  6246 | D:8      | Noticed a death yak
  6337 | D:8      | Killed a death yak
  6380 | D:7      | Killed a death yak
  6380 | D:7      | Reached skill level 10 in Axes
  6380 | D:7      | Reached XP level 10. HP: 91/92 MP: 10/10
  6414 | D:8      | Killed a death yak
  6507 | D:8      | Found a staircase to the Lair.
  6599 | D:8      | Reached skill level 5 in Invocations
  6992 | D:8      | Killed Gastronok
  6992 | D:8      | Reached skill level 11 in Axes
  6992 | D:8      | Reached XP level 11. HP: 78/100 MP: 10/12
  7063 | D:9      | Reached ** piety under Makhleb
  7095 | D:9      | Found a transporter.
  7101 | D:9      | Noticed Psyche
  7121 | D:9      | Killed Psyche
  7445 | D:9      | Noticed Boelaall's ghost (novice DEWz)
  7464 | D:9      | Found a transporter.
  7528 | D:9      | Found a glowing golden altar of the Shining One.
  7789 | D:10     | Entered Level 10 of the Dungeon
  7824 | D:10     | Found a flagged portal.
  7841 | Bailey   | Entered a bailey
  7967 | Bailey   | Got a bound turquoise ring
  7974 | Bailey   | Identified the ring of Buruf {rF+ rC- MR+ AC+4} (You found
                  | it in a bailey)
  8091 | D:10     | Reached *** piety under Makhleb
  8475 | D:10     | Noticed a six-headed hydra
  8640 | D:10     | Killed a six-headed hydra
  8640 | D:10     | Reached skill level 12 in Axes
  8904 | D:10     | Reached **** piety under Makhleb
  9130 | D:11     | Noticed a red ugly thing
  9171 | D:11     | Killed a red ugly thing
  9273 | D:11     | You fall into a shaft and drop 3 floors!
  9273 | D:14     | Found a gate to the Vaults.
  9274 | D:14     | Noticed a two-headed ogre
  9274 | D:14     | Noticed a centaur warrior
  9289 | D:14     | Reached XP level 12. HP: 110/110 MP: 15/15
  9341 | D:14     | Killed a two-headed ogre
  9375 | D:14     | Killed a centaur warrior
  9375 | D:14     | Reached skill level 13 in Axes
  9375 | D:14     | Reached skill level 10 in Armour
  9375 | D:14     | Reached skill level 10 in Shields
  9411 | D:14     | Noticed Urug
  9480 | D:14     | Killed Urug
 10050 | D:14     | Found a runed translucent gate.
 10075 | D:14     | Found a runed translucent gate.
 10082 | D:14     | Found a runed translucent gate.
 10084 | D:14     | Noticed SatoMori's ghost (journeyman HaHu)
 10409 | D:13     | Reached ***** piety under Makhleb
 10708 | D:11     | Identified a scroll of acquirement
 10708 | D:11     | Acquired the ring of Vihoirobb {+Inv rElec MR+ Slay+2 SInv}
 11037 | D:11     | Reached skill level 14 in Axes
 11250 | D:12     | Found a burning altar of Makhleb.
 11276 | D:12     | Noticed Azrael
 11285 | D:12     | Killed Azrael
 11285 | D:12     | Reached XP level 13. HP: 120/120 MP: 17/17
 11443 | D:12     | Reached skill level 10 in Invocations
 11444 | D:12     | Found a staircase to the Orcish Mines.
 11455 | D:12     | Found a white marble altar of Elyvilon.
 11693 | D:12     | Noticed a fire dragon
 11693 | D:12     | Noticed Nergalle
 11882 | D:12     | Reached ****** piety under Makhleb
 12012 | Lair:1   | Entered Level 1 of the Lair of Beasts
 12116 | Lair:1   | Reached skill level 1 in Evocations
 12124 | Lair:1   | Noticed Joseph
 12133 | Lair:1   | Killed Joseph
 12904 | Lair:2   | Noticed Harold
 12916 | Lair:2   | Killed Harold
 12984 | Lair:2   | Found a staircase to the Swamp.
 13964 | Lair:3   | Found a staircase to the Snake Pit.
 14469 | Lair:4   | Reached skill level 15 in Axes
 14930 | Lair:5   | Noticed an entropy weaver
 14962 | Lair:5   | Noticed an entropy weaver
 15389 | Lair:5   | Killed an entropy weaver
 15389 | Lair:5   | Reached skill level 5 in Evocations
 15389 | Lair:5   | Gained mutation: You resist negative energy. (rN+) [Deep
                  | Dwarf growth]
 15389 | Lair:5   | Reached XP level 14. HP: 127/130 MP: 19/19
 15583 | Lair:5   | Reached skill level 10 in Fighting
 15624 | Lair:5   | Killed an entropy weaver
 15944 | Lair:6   | Entered Level 6 of the Lair of Beasts
 15976 | Lair:6   | Found a viscous altar of Jiyva.
 15977 | Lair:6   | Found a staircase to the Slime Pits.
 17051 | Orc:1    | Entered Level 1 of the Orcish Mines
 17149 | Orc:1    | Noticed Josephine
 17160 | Orc:1    | Killed Josephine
 17297 | Orc:1    | Found a burning altar of Makhleb.
 17452 | Orc:2    | Entered Level 2 of the Orcish Mines
 17480 | Orc:2    | Noticed an orc warlord
 17485 | Orc:2    | Found Haatuo's Jewellery Shoppe.
 17497 | Orc:2    | Killed an orc warlord
 17497 | Orc:2    | Reached skill level 16 in Axes
 17600 | Orc:2    | Found a staircase to the Elven Halls.
 17625 | Orc:2    | Noticed an orc warlord
 17625 | Orc:2    | Found Zovu's Antique Armour Boutique.
 17664 | Orc:2    | Killed an orc warlord
 17701 | Orc:2    | Bought a pair of glowing gloves for 300 gold pieces
 17766 | Orc:2    | Found Fuifytz's Antique Weapon Emporium.
 17781 | Orc:2    | Found Udeor's General Store.
 17807 | Orc:2    | Bought a potion of curing for 39 gold pieces
 17807 | Orc:2    | Bought a potion of heal wounds for 65 gold pieces
 18168 | Orc:2    | Bought the ring of Xom's Flight of Fancy {rC+ Str+5 Int+2}
                  | for 747 gold pieces
 18277 | D:13     | Found Amepn's General Store.
 18297 | D:13     | Bought a scroll of identify for 34 gold pieces
 18318 | D:13     | Reached XP level 15. HP: 140/140 MP: 21/21
 18796 | D:13     | You fall into a shaft and drop 2 floors!
 18796 | D:15     | Entered Level 15 of the Dungeon
 19676 | D:15     | Found Kawausha's Jewellery Boutique.
 19827 | D:15     | Found a staircase to the Depths.
 20032 | D:15     | Noticed a bone dragon
 20033 | D:15     | Found the +9 sword of Zonguldrok {reap}
 20074 | D:15     | Killed a bone dragon
 20464 | Swamp:1  | Entered Level 1 of the Swamp
 20485 | Swamp:1  | Reached skill level 17 in Axes
 21581 | Swamp:2  | Reached XP level 16. HP: 131/150 MP: 22/22
 22319 | Swamp:3  | Noticed Mara
 22338 | Swamp:3  | Noticed EriolAelfwine's illusion
 22340 | Swamp:3  | Killed Mara
 22340 | Swamp:3  | Reached skill level 10 in Evocations
 22414 | Swamp:3  | Noticed a thorn hunter
 22438 | Swamp:3  | Killed a thorn hunter
 22683 | Swamp:4  | Entered Level 4 of the Swamp
 22734 | Swamp:4  | Noticed a thorn hunter
 22743 | Swamp:4  | Noticed a thorn hunter
 22880 | Swamp:4  | Reached skill level 18 in Axes
 22996 | Swamp:4  | Got a decaying rune of Zot
 23484 | Swamp:4  | Killed a thorn hunter
 23484 | Swamp:4  | Reached XP level 17. HP: 116/159 MP: 21/21
 23956 | Elf:1    | Entered Level 1 of the Elven Halls
 24698 | Elf:1    | Reached skill level 15 in Invocations
 24744 | Elf:1    | Identified Jyusucol's Catalogue of Conjuration
 25294 | Elf:2    | Found Lahywi's Distillery.
 25323 | Elf:2    | Reached skill level 15 in Shields
 25346 | Elf:2    | Noticed a Hell Sentinel
 25352 | Elf:2    | Noticed a Hell Sentinel
 25355 | Elf:2    | Gained mutation: You are resistant to electric shocks.
                  | (rElec) [a neqoxec]
 25527 | Elf:2    | Found a runed translucent gate.
 25528 | Elf:2    | Found a runed translucent gate.
 25529 | Elf:2    | Found a runed translucent gate.
 25561 | Elf:2    | Reached skill level 15 in Armour
 26319 | Elf:2    | Gained mutation: You passively map a large area around you.
                  | [Deep Dwarf growth]
 26319 | Elf:2    | Reached XP level 18. HP: 174/174 MP: 22/22
 26477 | Elf:3    | Entered Level 3 of the Elven Halls
 26502 | Elf:3    | Found Zaecafio's Gadget Boutique.
 26546 | Elf:3    | Found a magical portal.
 26630 | WizLab   | Entered Wucad Mu's Monastery
 26925 | WizLab   | Found the +9 staff of Wucad Mu {channel}
 26986 | WizLab   | Reached skill level 5 in Dodging
 26986 | WizLab   | Reached XP level 19. HP: 110/181 MP: 14/22
 27446 | Elf:3    | Found Yguhasto's Jewellery Emporium.
 27447 | Elf:3    | Found Dijent's Magic Scroll Emporium.
 27447 | Elf:3    | Found Xeatiluosi's Gadget Shoppe.
 27452 | Elf:3    | Found Duef's Assorted Antiques.
 27469 | Elf:3    | Bought a scroll of brand weapon for 340 gold pieces
 27469 | Elf:3    | Bought a scroll of acquirement for 884 gold pieces
 27469 | Elf:3    | Bought a scroll of blinking for 127 gold pieces
 28029 | Swamp:3  | Acquired 370 gold pieces
 28674 | Elf:3    | Identified the ring "Qoraraw" {rN+ Dex+2 SInv}
 28678 | Elf:3    | Identified the ring "Tomaredif" {rC+++ Dex+4 SInv Stlth-}
 28866 | Elf:3    | Splashed by a deep elf sorcerer's acid

Illustrated notes

Levels and vault maps discovered:
D:1:      psy_arrival_spokes, layout_rooms
D:2:      layout_basic
D:3:      layout_rooms, bloody_trog, uniq_grinder, uniq_crazy_yiuf_cottage
D:4:      layout_basic, nicolae_overflow_crystal_walls, portal_sewer_entry_d,
          minmay_starry_boxes, uniq_eustachio
D:5:      layout_basic
D:6:      layout_basic
D:7:      layout_basic, minmay_temple_entry_glass
D:8:      layout_basic, dpeg_lair_monsters, minmay_misc_feat_room,
          uniq_gastronok
D:9:      layout_long_grid, gammafunk_ghost_stat_death, tso_altar, uniq_psyche
D:10:     argonaut_augean_stables, layout_long_grid, enter_bailey_3,
          nrook_pool_corridor
D:11:     layout_long_grid, chequers_arboretum, serial_park_tiny_2, minmay_holes
D:12:     layout_basic, orc_0_dummy, hangedman_feature_mirror, minivault_12,
          uniq_nergalle, uniq_azrael
D:13:     layout_basic, serial_curves, eino_curves_03, eino_curves_03,
          serial_shops, shop, nrook_campfire, minmay_misc_feat_x
D:14:     layout_basic, david_vaults_3, ebering_ghost_rock_garden,
          portal_ice_cave_entry_pillars_1
D:15:     grunt_enter_depths_hoard, layout_irregular_city, serial_park_paths
          [serial_park_minivault_5x5_3], serial_shops, shop,
          minmay_guarded_unrand_zonguldrok
Temple:   nicolae_temple_the_god_donut
Lair:1:   layout_chaotic_city, guppyfry_lair_drakes, uniq_joseph
Lair:2:   layout_hall_layers, minmay_swamp_entry_reptiles, uniq_harold
Lair:3:   layout_chaotic_city, guppyfry_snake_entry_garden,
          beast_lair_carwin_11, serial_bayou_shore_a
Lair:4:   layout_misc_corridors, st_stairs_12
Lair:5:   layout_gridlike, minivault_29
Lair:6:   minmay_lair_end_enchanted_forest, layout_long_grid, slime_altar_1,
          fungi_pond_lemuel
Swamp:1:  layout_basic_swamp, hangedman_swamp_blocks
Swamp:2:  cheibrodos_swamp_mausoleum, layout_basic_swamp,
          evilmike_swamp_ruin_house_6, swamp_pool1, lightli_tree_ring
Swamp:3:  layout_basic_swamp, nicolae_swamp_orc_logging_accident, uniq_mara
Swamp:4:  swamp_basic_johnstein, layout_basic_swamp, swamp_pool2,
          infiniplex_staircase_pool
Orc:1:    layout_caves, bloody_makhleb, uniq_josephine
Orc:2:    grunt_orc_gardens, layout_caves, grunt_orc_garden, grunt_orc_garden,
          grunt_orc_garden, grunt_orc_garden, special_room,
          nicolae_orc_tapped_out
Elf:1:    elf_arrival_002, layout_onion_city, minmay_elf_annihilation
Elf:2:    layout_onion_city, serial_shops, shop
Elf:3:    minmay_elf_hall_furrowed, layout_gridlike, serial_shops, shop,
          mu_enter_wizlab_1, special_room [special_room_mythical_zoo],
          minmay_shoptagon

Skill      XL: |  1  2  3  4  5  6  7  8  9 10 11 12 13 14 15 16 17 18 19 |
---------------+----------------------------------------------------------+-----
Fighting       | 3 4 5 6 7 8 9 10 11 12 13 14 | 14.4
Axes           | 3 4 5 6 8 10 11 12 14 15 16 17 18 | 18.0
Armour         | 4 5 6 7 8 9 10 11 12 13 14 15 16 | 16.7
Shields        | 4 5 6 7 8 9 10 11 12 13 14 15 | 15.0
Invocations    | 3 5 8 9 11 12 13 14 15 | 15.0
Evocations     | 5 7 9 10 | 10.0
Dodging        | 5 9 |  9.3

Action                   |  1- 3 |  4- 6 |  7- 9 | 10-12 | 13-15 | 16-18 | 19-21 || total
-------------------------+-------+-------+-------+-------+-------+-------+-------++-------
Melee: War axe           |   104 |    89 |       |       |       |       |       ||   193
       Hand axe          |       |    98 |   694 |  1425 |       |       |       ||  2217
       Flail             |       |       |       |    15 |       |       |       ||    15
       Broad axe         |       |       |       |    16 |  1592 |  1272 |   317 ||  3197
       Eveningstar       |       |       |       |       |    58 |   132 |    72 ||   262
Throw: Dart              |       |       |       |     3 |       |       |       ||     3
 Abil: Heal Wounds       |       |     3 |     6 |     2 |    14 |    23 |    18 ||    66
       Evoke Invisibilit |       |       |       |       |     1 |     8 |     1 ||    10
  Use: Scroll            |     1 |     8 |     3 |    10 |     9 |    11 |     3 ||    45
       Potion            |       |       |       |       |       |     1 |       ||     1
 Stab: Invisible         |       |     1 |       |       |       |    50 |     1 ||    52
Armor: Scale mail        |    56 |    75 |     3 |       |       |       |       ||   134
       Crystal plate arm |       |       |   439 |  1094 |  1027 |  1590 |   551 ||  4701
       Skin              |       |       |       |     5 |       |       |       ||     5
Dodge: Dodged            |    22 |    44 |    33 |   156 |   219 |   314 |   125 ||   913
Block: Kite shield       |    52 |    85 |   349 |   874 |  1375 |  1541 |   538 ||  4814
       Reflection        |       |       |       |       |    37 |    42 |     8 ||    87

Table legend: (Time is in decaauts)
 A = Elapsed time spent in this place.
 B = Non-inter-level travel time spent in this place.
 C = Inter-level travel time spent in this place.
 D = Time resting spent in this place.
 E = Time spent auto-exploring this place.
 F = Levels seen in this place.
 G = Mean time per level.
                   A        B        C        D        E       F      G
               +--------+--------+--------+--------+--------+-----+--------+
         Total |  28241 |  25801 |   2440 |    308 |  15818 |  34 |  830.6 |
       Dungeon |  13698 |  12459 |   1239 |     71 |   7469 |  15 |  913.2 |
        Temple |    276 |    241 |     35 |      0 |    236 |   1 |  276.0 |
          Lair |   5101 |   4619 |    482 |     23 |   3547 |   6 |  850.2 |
         Swamp |   3415 |   3171 |    244 |     14 |   1633 |   4 |  853.8 |
  Orcish Mines |   1248 |   1047 |    201 |      0 |    698 |   2 |  624.0 |
   Elven Halls |   3697 |   3460 |    237 |    200 |   1991 |   3 | 1232.3 |
         Sewer |    181 |    181 |      0 |      0 |    105 |   1 |  181.0 |
        Bailey |    163 |    163 |      0 |      0 |      0 |   1 |  163.0 |
        Wizlab |    458 |    458 |      0 |      0 |    138 |   1 |  458.0 |
               +--------+--------+--------+--------+--------+-----+--------+

Top non-repeatable levels by time:
   Elf:1: 1344 daAuts
    D:10: 1249 daAuts
    D:14: 1202 daAuts
   Elf:2: 1178 daAuts
   Elf:3: 1174 daAuts
 Swamp:2: 1169 daAuts
     D:8: 1147 daAuts
  Lair:2: 1102 daAuts
     D:2: 1066 daAuts
  Lair:5: 1035 daAuts
 Swamp:4: 1004 daAuts
     D:5: 999 daAuts
    D:12: 940 daAuts
    D:15: 921 daAuts
     D:4: 914 daAuts
